TOP OF THE 1ST |
Michigan State Spartans batting - Pitching for Iowa Hawkeyes : RHP Gabriel Castillo
|
Pitching: RHP Gabriel Castillo
|
|
Batting: RHB Jorge Carranza
|
0-0: Fly out, F9 (Line Drive, 89M)
|
Batting: LHB Cliff Mills
|
0-0: Foul Ball, location: 2F 0-1: Ball 1-1: Ground out 6-3 (Groundball, 6)
|
Batting: RHB Ryan Nelson
|
0-0: Ball 1-0: Ball 2-0: DOUBLE (Line Drive, 8RXD)
|
Batting: RHB Andrew Holmes
|
0-0: Swinging Strike 0-1: Ground out 6-3 (Groundball, 6)
|
Top of the 1st over - 0 run(s), 1 hit(s), 0 error(s), 1 left on base; Michigan State 0 - Iowa 0 |
BOTTOM OF THE 1ST |
Iowa Hawkeyes batting - Pitching for Michigan State Spartans : RHP Ralph Williams
|
Pitching: RHP Ralph Williams
|
|
Batting: SHB Travis Martin
|
0-0: Called Strike 0-1: Ball 1-1: Ball 2-1: Called Strike 2-2: Strikes out swinging
|
Batting: RHB Daryl Hale
|
0-0: Ball 1-0: Ball 2-0: Ball 3-0: Base on Balls
|
Batting: RHB Kelsey Scott
|
0-0: Reached on error, E5 (Groundball, 56) Daryl Hale to second
|
Batting: RHB Mike Russell
|
0-0: Ball 1-0: Called Strike 1-1: Ball 2-1: Foul Ball, location: 2F 2-2: Foul Ball, location: 2F 2-2: Strikes out swinging
|
Batting: RHB Alexander Barr
|
0-0: Called Strike 0-1: Ball 1-1: Fly out, F9 (Flyball, 89M)
|
Bottom of the 1st over - 0 run(s), 0 hit(s), 1 error(s), 2 left on base; Michigan State 0 - Iowa 0 |
TOP OF THE 2ND |
Michigan State Spartans batting - Pitching for Iowa Hawkeyes : RHP Gabriel Castillo
|
Batting: RHB Arthur Hopkins
|
0-0: Ball 1-0: Ball 2-0: Called Strike 2-1: Called Strike 2-2: Strikes out swinging
|
Batting: RHB Ryan Miller
|
0-0: Ball 1-0: Ball 2-0: Ball 3-0: Called Strike 3-1: Base on Balls
|
Batting: RHB Nick Whitehead
|
0-0: Foul Ball, location: 2F 0-1: Ball 1-1: Called Strike 1-2: Ground out 1-3 (Groundball, 13S) Ryan Miller to second
|
Batting: RHB Bennett McGee
|
0-0: Called Strike 0-1: Ball 1-1: Foul Ball, location: 2F 1-2: Ball 2-2: Strikes out swinging
|
Top of the 2nd over - 0 run(s), 0 hit(s), 0 error(s), 1 left on base; Michigan State 0 - Iowa 0 |
BOTTOM OF THE 2ND |
Iowa Hawkeyes batting - Pitching for Michigan State Spartans : RHP Ralph Williams
|
Batting: RHB Juan Escalante
|
0-0: Foul Ball, location: 2F 0-1: Foul Ball, location: 2F 0-2: Ball 1-2: Ball 2-2: Ground out 6-3 (Groundball, 6)
|
Batting: RHB Vaughan Shelton
|
0-0: Ball 1-0: Fly out, F9 (Popup, 9S)
|
Batting: RHB John Boyer
|
0-0: Swinging Strike 0-1: Called Strike 0-2: Ball 1-2: Fly out, F9 (Flyball, 89S)
|
Bottom of the 2nd over - 0 run(s), 0 hit(s), 0 error(s), 0 left on base; Michigan State 0 - Iowa 0 |
TOP OF THE 3RD |
Michigan State Spartans batting - Pitching for Iowa Hawkeyes : RHP Gabriel Castillo
|
Batting: RHB Nelson Wright
|
0-0: Ball 1-0: Called Strike 1-1: Foul Ball, location: 2F 1-2: Strikes out looking
|
Batting: RHB Jorge Carranza
|
0-0: Fly out, F4 (Popup, 9S)
|
Batting: LHB Cliff Mills
|
0-0: Called Strike 0-1: Swinging Strike 0-2: Ball 1-2: Foul Ball, location: 2F 1-2: Foul Ball, location: 2F 1-2: Foul Ball, location: 2F 1-2: Foul Ball, location: 2F 1-2: Strikes out swinging
|
Top of the 3rd over - 0 run(s), 0 hit(s), 0 error(s), 0 left on base; Michigan State 0 - Iowa 0 |
BOTTOM OF THE 3RD |
Iowa Hawkeyes batting - Pitching for Michigan State Spartans : RHP Ralph Williams
|
Batting: RHB Ed Nygaard
|
0-0: Ground out 5-3 (Groundball, 5L)
|
Batting: SHB Travis Martin
|
0-0: Ball 1-0: Ball 2-0: Ball 3-0: Called Strike 3-1: Base on Balls
|
Batting: RHB Daryl Hale
|
0-0: Ball 1-0: Ball 2-0: Foul Ball, location: 2F 2-1: Foul Ball, location: 2F 2-2: Foul Ball, location: 2F 2-2: Ball 3-2: Foul Ball, location: 2F 3-2: Strikes out looking
|
Batting: RHB Kelsey Scott
|
0-0: Ball 1-0: Ball 2-0: Foul Ball, location: 2F 2-1: 2-RUN HOME RUN (Flyball, 7D), Distance : 346 ft
|
Batting: RHB Mike Russell
|
0-0: Ball 1-0: Called Strike 1-1: Ball 2-1: Ball 3-1: Base on Balls
|
Batting: RHB Alexander Barr
|
0-0: Called Strike 0-1: Foul Ball, location: 2F 0-2: Ball 1-2: Ball 2-2: Ground out 5-3 (Groundball, 5)
|
Bottom of the 3rd over - 2 run(s), 1 hit(s), 0 error(s), 1 left on base; Michigan State 0 - Iowa 2 |
TOP OF THE 4TH |
Michigan State Spartans batting - Pitching for Iowa Hawkeyes : RHP Gabriel Castillo
|
Batting: RHB Ryan Nelson
|
0-0: Foul Ball, location: 2F 0-1: Foul Ball, location: 2F 0-2: Strikes out swinging
|
Batting: RHB Andrew Holmes
|
0-0: Called Strike 0-1: Ball 1-1: Called Strike 1-2: Ground out 5-3 (Groundball, 56)
|
Batting: RHB Arthur Hopkins
|
0-0: Ball 1-0: SINGLE (Groundball, 4MD)
|
Batting: RHB Ryan Miller
|
0-0: Called Strike 0-1: Ball 1-1: Ball 2-1: Foul Ball, location: 2F 2-2: Ball 3-2: Foul Ball, location: 2F 3-2: Ground out 5-3 (Groundball, 56)
|
Top of the 4th over - 0 run(s), 1 hit(s), 0 error(s), 1 left on base; Michigan State 0 - Iowa 2 |
BOTTOM OF THE 4TH |
Iowa Hawkeyes batting - Pitching for Michigan State Spartans : RHP Ralph Williams
|
Batting: RHB Juan Escalante
|
0-0: Swinging Strike 0-1: Called Strike 0-2: Ball 1-2: Foul Ball, location: 2F 1-2: Strikes out swinging
|
Batting: RHB Vaughan Shelton
|
0-0: Ball 1-0: Ball 2-0: Ground out 6-3 (Groundball, 6MS)
|
Batting: RHB John Boyer
|
0-0: Called Strike 0-1: Swinging Strike 0-2: Strikes out swinging
|
Bottom of the 4th over - 0 run(s), 0 hit(s), 0 error(s), 0 left on base; Michigan State 0 - Iowa 2 |
TOP OF THE 5TH |
Michigan State Spartans batting - Pitching for Iowa Hawkeyes : RHP Gabriel Castillo
|
Batting: RHB Nick Whitehead
|
0-0: Foul Ball, location: 2F 0-1: Foul Ball, location: 2F 0-2: Ball 1-2: Ball 2-2: Strikes out swinging
|
Batting: RHB Bennett McGee
|
0-0: Ball 1-0: Swinging Strike 1-1: Foul Ball, location: 2F 1-2: Ground out 6-3 (Groundball, 6)
|
Batting: RHB Nelson Wright
|
0-0: Foul Ball, location: 2F 0-1: DOUBLE (Line Drive, 5D)
|
Batting: RHB Jorge Carranza
|
0-0: Ball 1-0: Ball 2-0: SINGLE (Line Drive, 4D) Nelson Wright to third Runner from 3rd tries for Home, SAFE, no throw or cutoff
|
Batting: LHB Cliff Mills
|
0-0: Called Strike 0-1: Ball 1-1: Called Strike Jorge Carranza steals 2nd base 1-2: Ball 2-2: Ground out 5-3 (Groundball, 5)
|
Top of the 5th over - 1 run(s), 2 hit(s), 0 error(s), 1 left on base; Michigan State 1 - Iowa 2 |
BOTTOM OF THE 5TH |
Iowa Hawkeyes batting - Pitching for Michigan State Spartans : RHP Ralph Williams
|
Batting: RHB Ed Nygaard
|
0-0: Ball 1-0: Swinging Strike 1-1: Foul Ball, location: 2F 1-2: Strikes out swinging
|
Batting: SHB Travis Martin
|
0-0: Foul Ball, location: 2F 0-1: Called Strike 0-2: Strikes out swinging
|
Batting: RHB Daryl Hale
|
0-0: Ground out 4-3 (Groundball, 4)
|
Bottom of the 5th over - 0 run(s), 0 hit(s), 0 error(s), 0 left on base; Michigan State 1 - Iowa 2 |
TOP OF THE 6TH |
Michigan State Spartans batting - Pitching for Iowa Hawkeyes : RHP Gabriel Castillo
|
Batting: RHB Ryan Nelson
|
0-0: Called Strike 0-1: Foul Ball, location: 2F 0-2: Ball 1-2: Foul Ball, location: 2F 1-2: Foul Ball, location: 2F 1-2: Ball 2-2: Foul Ball, location: 2F 2-2: Foul Ball, location: 2F 2-2: Strikes out looking
|
Pitching: RHP Dennis Montés
|
|
Batting: RHB Andrew Holmes
|
0-0: Ball 1-0: Foul Ball, location: 2F 1-1: Ground out 6-3 (Groundball, 6)
|
Batting: RHB Arthur Hopkins
|
0-0: Called Strike 0-1: Ball 1-1: Called Strike 1-2: Ball 2-2: Ball 3-2: Strikes out swinging
|
Top of the 6th over - 0 run(s), 0 hit(s), 0 error(s), 0 left on base; Michigan State 1 - Iowa 2 |
BOTTOM OF THE 6TH |
Iowa Hawkeyes batting - Pitching for Michigan State Spartans : RHP Ralph Williams
|
Batting: RHB Kelsey Scott
|
0-0: Called Strike 0-1: Swinging Strike 0-2: SINGLE (Groundball, 6MD)
|
Pitching: RHP Dan Clark
|
|
Batting: RHB Mike Russell
|
0-0: Called Strike 0-1: Grounds into double play, 6-4-3 (Groundball, 6)
|
Batting: RHB Alexander Barr
|
0-0: Ball 1-0: Foul Ball, location: 2F 1-1: Ball 2-1: SINGLE (Groundball, 6M)
|
Batting: RHB Juan Escalante
|
0-0: Ball 1-0: Ball 2-0: Ball 3-0: Base on Balls Alexander Barr to second
|
Batting: RHB Vaughan Shelton
|
0-0: Foul Ball, location: 2F 0-1: Ball 1-1: Ball 2-1: Foul Ball, location: 2F 2-2: Ball 3-2: Foul Ball, location: 2F 3-2: Strikes out swinging
|
Bottom of the 6th over - 0 run(s), 2 hit(s), 0 error(s), 2 left on base; Michigan State 1 - Iowa 2 |
TOP OF THE 7TH |
Michigan State Spartans batting - Pitching for Iowa Hawkeyes : RHP Dennis Montés
|
Batting: RHB Ryan Miller
|
0-0: Ball 1-0: Called Strike 1-1: Ball 2-1: Swinging Strike 2-2: Ball 3-2: Strikes out looking
|
Batting: RHB Nick Whitehead
|
0-0: Called Strike 0-1: Ball 1-1: Ball 2-1: Reached on Error, E4 (Popup, 34)
|
Pinch Hitting: RHB Spike Walters
|
0-0: Ball 1-0: Ground out 3-1 (Groundball, 34S) Nick Whitehead to second
|
Batting: RHB Nelson Wright
|
0-0: SINGLE (Groundball, 5) Nick Whitehead to third Runner from 3rd tries for Home, SAFE, no throw or cutoff
|
Batting: RHB Jorge Carranza
|
0-0: Ball 1-0: Called Strike Nelson Wright steals 2nd base 1-1: Ball 2-1: Ball 3-1: SINGLE (Groundball, 5D) Nelson Wright to third Runner from 3rd tries for Home, SAFE, no throw or cutoff
|
Batting: LHB Cliff Mills
|
0-0: Ball Jorge Carranza steals 2nd base 1-0: Ball 2-0: Fly out, F8 (Flyball, 8LS)
|
Top of the 7th over - 2 run(s), 2 hit(s), 1 error(s), 1 left on base; Michigan State 3 - Iowa 2 |
BOTTOM OF THE 7TH |
Iowa Hawkeyes batting - Pitching for Michigan State Spartans : RHP Dan Clark
|
Now at 3B: Jesús Mendoza
|
|
Batting: RHB John Boyer
|
0-0: Ball 1-0: Called Strike 1-1: Swinging Strike 1-2: Foul Ball, location: 2F 1-2: Strikes out swinging
|
Batting: RHB Ed Nygaard
|
0-0: Ball 1-0: Foul Ball, location: 2F 1-1: Foul Ball, location: 2F 1-2: Foul Ball, location: 2F 1-2: Ball 2-2: Ground out 4-3 (Groundball, 4)
|
Batting: SHB Travis Martin
|
0-0: Foul Ball, location: 2F 0-1: Ball 1-1: Ball 2-1: Fly out, F7 (Line Drive, 78S)
|
Bottom of the 7th over - 0 run(s), 0 hit(s), 0 error(s), 0 left on base; Michigan State 3 - Iowa 2 |
TOP OF THE 8TH |
Michigan State Spartans batting - Pitching for Iowa Hawkeyes : RHP Dennis Montés
|
Batting: RHB Ryan Nelson
|
0-0: Fly out, F4 (Line Drive, 4D)
|
Pitching: RHP Tom Wilson
|
|
Batting: RHB Andrew Holmes
|
0-0: Ball 1-0: Called Strike 1-1: DOUBLE (Line Drive, 9LM) - OUT at third base trying to stretch hit.
|
Batting: RHB Arthur Hopkins
|
0-0: Fly out, F9 (Flyball, 9M)
|
Top of the 8th over - 0 run(s), 1 hit(s), 0 error(s), 0 left on base; Michigan State 3 - Iowa 2 |
BOTTOM OF THE 8TH |
Iowa Hawkeyes batting - Pitching for Michigan State Spartans : RHP Dan Clark
|
Pitching: RHP Jesús Fabián
|
|
Now at C: José Arce
|
|
Batting: RHB Daryl Hale
|
0-0: Ball 1-0: Foul Ball, location: 2F 1-1: Foul Ball, location: 2F 1-2: Ground out 4-3 (Groundball, 4)
|
Batting: RHB Kelsey Scott
|
0-0: Foul Ball, location: 2F 0-1: Swinging Strike 0-2: Foul Ball, location: 2F 0-2: Foul Ball, location: 2F 0-2: Foul Ball, location: 2F 0-2: Ball 1-2: Foul Ball, location: 2F 1-2: Fly out, F9 (Flyball, 89M)
|
Batting: RHB Mike Russell
|
0-0: Called Strike 0-1: Foul Ball, location: 2F 0-2: Ball 1-2: Ball 2-2: Foul Ball, location: 2F 2-2: Strikes out swinging
|
Bottom of the 8th over - 0 run(s), 0 hit(s), 0 error(s), 0 left on base; Michigan State 3 - Iowa 2 |
TOP OF THE 9TH |
Michigan State Spartans batting - Pitching for Iowa Hawkeyes : RHP Tom Wilson
|
Batting: RHB Ryan Miller
|
0-0: Ball 1-0: Called Strike 1-1: Foul Ball, location: 2F 1-2: TRIPLE (Flyball, 7LM)
|
Batting: RHB Nick Whitehead
|
0-0: Intentional Walk
|
Pinch Hitting: RHB Scott Juárez
|
0-0: Ball 1-0: Called Strike 1-1: Called Strike 1-2: Foul Ball, location: 2F 1-2: Ball 2-2: Fielders Choice at 2nd, 1-6 (Groundball, 15S)
|
Batting: RHB Nelson Wright
|
0-0: Foul Ball, location: 2F 0-1: Swinging Strike 0-2: Ball 1-2: SINGLE (Flyball, 9S) Ryan Miller scores Scott Juárez to second Runner from 2nd tries for 3rd, SAFE, no throw or cutoff
|
Batting: RHB Jorge Carranza
|
0-0: Called Strike 0-1: SINGLE (Groundball, 34D) Scott Juárez scores Nelson Wright to second Runner from 2nd tries for 3rd, OUT!
|
Batting: LHB Cliff Mills
|
0-0: Called Strike Jorge Carranza steals 2nd base 0-1: Called Strike 0-2: Strikes out swinging
|
Top of the 9th over - 2 run(s), 3 hit(s), 0 error(s), 1 left on base; Michigan State 5 - Iowa 2 |
BOTTOM OF THE 9TH |
Iowa Hawkeyes batting - Pitching for Michigan State Spartans : RHP Jesús Fabián
|
Pitching: RHP Darren Payne
|
|
Now at 3B: Scott Juárez
|
|
Batting: RHB Alexander Barr
|
0-0: Foul Ball, location: 2F 0-1: Ball 1-1: SINGLE (Line Drive, 15S)
|
Batting: RHB Juan Escalante
|
0-0: Foul Ball, location: 2F 0-1: SINGLE (Line Drive, 56D) Alexander Barr to second
|
Batting: RHB Vaughan Shelton
|
0-0: Called Strike 0-1: Foul Ball, location: 2F 0-2: Ball 1-2: Ball 2-2: Ball 3-2: Base on Balls Alexander Barr to third Juan Escalante to second
|
Batting: RHB John Boyer
|
0-0: Ball 1-0: Ball 2-0: Ball 3-0: Base on Balls Alexander Barr scores Juan Escalante to third Vaughan Shelton to second
|
Batting: RHB Ed Nygaard
|
0-0: Ball 1-0: Foul Ball, location: 2F 1-1: Reached on error, E5 (Groundball, 56) Juan Escalante scores Vaughan Shelton to third John Boyer to second
|
Batting: SHB Travis Martin
|
0-0: Ball 1-0: Called Strike 1-1: Foul Ball, location: 2F 1-2: SINGLE (Groundball, 6MD) Vaughan Shelton scores John Boyer to third Ed Nygaard to second
|
Pitching: RHP Brian White
|
|
Batting: RHB Daryl Hale
|
0-0: Called Strike 0-1: Ball 1-1: Ball 2-1: Foul Ball, location: 2F 2-2: Ball 3-2: SINGLE (Line Drive, 78M) John Boyer scores
|
Monday, December 5th, 2016 - OOTP Baseball 17.12 Build 75
|
|